[Event "Titled Tuesday Blitz November 08 Early 2022"]
[White "czernikowskqa"]
[Black "Hajiyev, Kanan"]
[BlackFideId "13404148"]
[WhiteElo "1881"]
[BlackElo "2118"]
[Result "1-0"]
[Round "08"]
[TimeControl "180+1"]
[Date "2022.11.09"]
[WhiteClock "0:01:34"]
[BlackClock "0:00:41"]

1. d4 d5 2. c4 c6 3. Nf3 Nf6 4. cxd5 cxd5 5. Nc3 g6 6. Bg5 Ne4 7. Bf4 Bg7 8. e3 O-O 9. Bd3 Nxc3 10. bxc3 Nc6 11. O-O Na5 12. Qc2 b5 13. Rab1 a6 14. e4 Bb7 15. e5 e6 16. Bg5 Qc7 17. Bf6 Bxf6 18. exf6 Qf4 19. Ne5 Rfd8 20. Rfe1 Qxf6 21. Re3 Qg7 22. Rf3 f6 23. Ng4 Rf8 24. Re1 Rae8 25. Rg3 Nc4 26. h4 Kh8 27. h5 g5 28. a4 Bc6 29. axb5 axb5 30. Ra1 Ra8 31. Rxa8 Rxa8 32. Qe2 Re8 33. Bxc4 dxc4 34. Re3 Bd5 35. Qa2 Rb8 36. Qb2 h6 37. Qb4 Kh7 38. Qd6 Rb7 39. Re1 Qf7 40. Ra1 Rd7 41. Qxd7 Qxd7 42. Nxf6+ Kg7 43. Nxd7 Kf7 44. Ne5+ Ke7 45. Rb1 Kd6 46. Rxb5 Be4 47. Rb8 g4 48. Rh8 Bf5 49. Rxh6 Kd5 50. Rh8 Ke4 51. h6 g3 52. Rc8 gxf2+ 53. Kxf2 Kf4 54. Rf8 Kg5 55. Rxf5+ Kxh6 56. Rf6+ Kg5 57. Rxe6 Kf5 58. Rc6 Ke4 59. Rxc4 Kd5 60. Rc5+ Ke4 61. g4 Kf4 62. d5 Kg5 63. d6 Kf6 64. d7 Ke7 65. Rd5 Kd8 66. Nc6+ Kc7 67. d8=Q+ Kxc6 68. Qd7+ Kb6 69. Rb5+ Ka6 70. Qb7# 1-0


[Site "https://www.chess.com"]

[Event "Titled Tuesday Blitz November 08 Early 2022"]
[White "Aaditya Dhingra"]
[Black "Matveeva, Olga"]
[WhiteFideId "25678191"]
[BlackFideId "24107018"]
[WhiteElo "2054"]
[BlackElo "2055"]
[Result "1-0"]
[Round "09"]
[TimeControl "180+1"]
[Date "2022.11.09"]
[WhiteClock "0:01:06"]
[BlackClock "0:00:18"]

1. e4 c6 2. d4 d5 3. Nc3 dxe4 4. Nxe4 Nf6 5. Nxf6+ exf6 6. c3 Bd6 7. Bd3 O-O 8. Ne2 Re8 9. O-O Nd7 10. Ng3 Nf8 11. f4 c5 12. f5 cxd4 13. Nh5 dxc3 14. bxc3 Bc5+ 15. Kh1 b6 16. Qf3 Qd7 17. Qg3 Ng6 18. fxg6 hxg6 19. Bxg6 fxg6 20. Qxg6 Qf7 21. Nxf6+ Kf8 22. Nh7+ 1-0


[Site "https://www.chess.com"]

[Event "Titled Tuesday Blitz November 08 Early 2022"]
[White "Adewumi, Tanitoluwa"]
[Black "Fernandez Siles, Luis"]
[WhiteFideId "30966396"]
[BlackFideId "2209420"]
[WhiteElo "2535"]
[BlackElo "2186"]
[Result "1-0"]
[Round "09"]
[TimeControl "180+1"]
[Date "2022.11.09"]
[WhiteClock "0:00:03"]
[BlackClock "0:00:13"]

1. e4 c5 2. Nf3 Nc6 3. Bb5 g6 4. Bxc6 dxc6 5. d3 Bg7 6. h3 Nf6 7. O-O O-O 8. a4 a5 9. Re1 b6 10. Be3 Nd7 11. Qc1 e5 12. Bh6 Re8 13. Bxg7 Kxg7 14. Nbd2 f6 15. Nh2 Nf8 16. Nc4 Qc7 17. Rf1 Ne6 18. Qe3 Nf4 19. h4 h5 20. g3 Ne6 21. Rac1 b5 22. axb5 cxb5 23. Nd2 a4 24. f4 exf4 25. gxf4 Nd4 26. c3 Nb3 27. Nxb3 axb3 28. Rce1 Ra2 29. Rf2 Bg4 30. Nxg4 hxg4 31. e5 f5 32. d4 cxd4 33. Qxd4 Qa7 34. Qxa7+ Rxa7 35. Rd1 Rh8 36. Rh2 g3 37. Rh3 g5 38. Rd2 gxf4 39. Kg2 Kf7 40. Kf3 Ke6 41. Kxf4 Ra4+ 42. Kf3 f4 43. h5 Kxe5 44. h6 Ra6 45. Rh5+ Kf6 46. Kxf4 Ra4+ 47. Kxg3 Kg6 48. Rh3 Ra2 49. Kg2 Rh7 50. Kg1 Ra1+ 51. Kg2 Ra2 52. Rf2 Ra4 53. Rg3+ Kxh6 54. Kg1 Rg7 55. Rh2+ Rh4 56. Rxh4# 1-0


[Site "https://www.chess.com"]

[Event "Titled Tuesday Blitz November 08 Early 2022"]
[White "Alhadad, Mahmoud"]
[Black "Rosh Jain"]
[WhiteFideId "11501863"]
[BlackFideId "25789465"]
[WhiteElo "1955"]
[BlackElo "2233"]
[Result "0-1"]
[Round "09"]
[TimeControl "180+1"]
[Date "2022.11.09"]
[WhiteClock "0:00:19"]
[BlackClock "0:01:12"]

1. e4 c5 2. Nc3 Nc6 3. Bb5 Nd4 4. Nf3 g6 5. Nxd4 cxd4 6. Ne2 Bg7 7. O-O e6 8. d3 Ne7 9. f4 a6 10. Ba4 b5 11. Bb3 Bb7 12. Qe1 d6 13. a3 O-O 14. a4 Qb6 15. Qf2 d5 16. e5 Nf5 17. a5 Qa7 18. g4 Ne3 19. Bxe3 dxe3 20. Qg3 d4 21. f5 exf5 22. gxf5 Qc5 23. fxg6 Qc6 24. gxf7+ Kh8 25. Rf3 Qxf3 26. Qxf3 Bxf3 27. Nxd4 Bh5 28. e6 Bxd4 29. e7 e2+ 30. Kg2 Bxb2 31. exf8=Q+ Rxf8 32. Rg1 Bd4 33. Re1 Bc3 34. Rg1 Bxf7 35. Kf2 e1=Q+ 36. Rxe1 Bxb3+ 37. Ke2 Re8+ 38. Kf3 Bd5+ 39. Kf4 Rxe1 40. Kg5 Be5 41. Kf5 Kg7 42. c4 bxc4 43. dxc4 Bxc4 44. h4 Kf7 45. Kg5 Be6 46. Kh6 Bg7+ 47. Kh5 Re5# 0-1


[Site "https://www.chess.com"]

[Event "Titled Tuesday Blitz November 08 Early 2022"]
[White "Andreikin, Dmitry"]
[Black "Wieczorek, Oskar"]
[WhiteFideId "4158814"]
[BlackFideId "1133950"]
[WhiteElo "2736"]
[BlackElo "2404"]
[Result "1-0"]
[Round "09"]
[TimeControl "180+1"]
[Date "2022.11.08"]
[WhiteClock "0:01:21"]
[BlackClock "0:00:06"]

1. e4 c5 2. Nc3 e6 3. Nge2 d6 4. d4 cxd4 5. Nxd4 Nf6 6. Be2 a6 7. g4 h6 8. h4 Nc6 9. Be3 Nxd4 10. Qxd4 e5 11. Qd1 Be6 12. g5 hxg5 13. Bxg5 Be7 14. Qd2 b5 15. a3 Rc8 16. O-O-O Qa5 17. Bxf6 Bxf6 18. Qxd6 Be7 19. Qxe5 Bf6 20. Qd6 Bxc3 21. bxc3 Qxc3 22. Bd3 Rc5 23. Bxb5+ Rxb5 24. Qd8# 1-0


[Site "https://www.chess.com"]

[Event "Titled Tuesday Blitz November 08 Early 2022"]
[White "Andrews, Todd"]
[Black "Yurovskykh, Oleksandr"]
[WhiteFideId "2012456"]
[BlackFideId "14134020"]
[WhiteElo "2444"]
[BlackElo "2265"]
[Result "1/2-1/2"]
[Round "09"]
[TimeControl "180+1"]
[Date "2022.11.09"]
[WhiteClock "0:00:20"]
[BlackClock "0:00:08"]

1. e4 d5 2. exd5 Qxd5 3. Nc3 Qd8 4. d4 Nf6 5. Bc4 a6 6. h3 b5 7. Bb3 Bb7 8. Nf3 c5 9. dxc5 Qxd1+ 10. Nxd1 e6 11. Be3 Nbd7 12. c3 Bxc5 13. O-O Ke7 14. Re1 Bxf3 15. gxf3 Rhc8 16. Kg2 Rab8 17. f4 g6 18. Bc2 Nd5 19. Kf3 Kf6 20. Be4 N7b6 21. Bxc5 Rxc5 22. Ne3 Nxe3 23. fxe3 Nc4 24. Re2 b4 25. cxb4 Rxb4 26. b3 Nd6 27. Bd3 a5 28. Rd1 Nf5 29. Bc4 a4 30. e4 axb3 31. axb3 Nh6 32. Rd7 Rb6 33. Red2 Rh5 34. Kg3 Rc5 35. Ra7 Rc8 36. Rdd7 Rbc6 37. Kf3 Rxc4 38. bxc4 Rxc4 39. e5+ Kg7 40. Ra8 Rc3+ 41. Kg2 Nf5 42. Raa7 Nh6 43. Re7 Rc8 44. Rxe6 Rc2+ 45. Kf3 Nf5 46. Rf6 Rc3+ 47. Ke2 Nh6 48. h4 Rh3 49. e6 Kxf6 50. e7 Rh2+ 51. Kd3 Rh3+ 52. Kd2 Rh2+ 53. Kd1 Rh1+ 54. Ke2 Rh2+ 55. Kf3 Rh3+ 56. Kf2 Rh2+ 57. Kf1 Rh1+ 58. Kf2 Rh2+ 59. Ke1 Rh1+ 60. Kd2 Rh2+ 61. Kd3 Rh3+ 62. Kd2 Rh2+ 1/2-1/2


[Site "https://www.chess.com"]

[Event "Titled Tuesday Blitz November 08 Early 2022"]
[White "Anton Guijarro, David"]
[Black "Bortnyk, Olexandr"]
[WhiteFideId "2285525"]
[BlackFideId "14120828"]
[WhiteElo "2579"]
[BlackElo "2723"]
[Result "0-1"]
[Round "09"]
[TimeControl "180+1"]
[Date "2022.11.08"]
[WhiteClock "0:00:26"]
[BlackClock "0:00:52"]

1. Nf3 Nf6 2. b3 g6 3. Bb2 Bg7 4. g3 O-O 5. Bg2 d5 6. c4 c6 7. O-O a5 8. Nc3 Re8 9. d4 Bf5 10. Ne5 Ne4 11. f4 Nxc3 12. Bxc3 a4 13. e3 b5 14. cxd5 cxd5 15. Rc1 Be4 16. Bxe4 dxe4 17. Bd2 f6 18. Nc6 Qd7 19. Nb4 Na6 20. Nxa6 Rxa6 21. Qc2 f5 22. Bb4 Bf6 23. Qc7 Qxc7 24. Rxc7 axb3 25. axb3 Ra2 26. Rf2 Ra1+ 27. Rf1 Rxf1+ 28. Kxf1 Kf7 29. Rb7 Ra8 30. Rxb5 Ra2 31. h4 Kg7 32. Rb7 Kh6 33. Bxe7 Bxe7 34. Rxe7 Kh5 35. d5 Kg4 36. d6 Kf3 37. Ke1 Kxe3 38. Kd1 Rd2+ 39. Kc1 Rxd6 40. Rxh7 Kf2 0-1


[Site "https://www.chess.com"]

[Event "Titled Tuesday Blitz November 08 Early 2022"]
[White "Aradhya, Garg"]
[Black "Mouhamad, Joachim"]
[WhiteFideId "25006746"]
[BlackFideId "656410"]
[WhiteElo "2725"]
[BlackElo "2534"]
[Result "1-0"]
[Round "09"]
[TimeControl "180+1"]
[Date "2022.11.09"]
[WhiteClock "0:01:48"]
[BlackClock "0:00:07"]

1. d4 d5 2. Nf3 e6 3. Bg5 Be7 4. Bxe7 Nxe7 5. e3 O-O 6. c4 Nd7 7. Nc3 c5 8. Rc1 cxd4 9. Qxd4 dxc4 10. Bxc4 Nf6 11. Qe5 Ng6 12. Qg3 a6 13. O-O b5 14. Rfd1 Qe7 15. Bd3 Bb7 16. Bxg6 hxg6 17. Ng5 Rfd8 18. Qh4 Rxd1+ 19. Rxd1 Rd8 20. Rxd8+ Qxd8 21. Qh8+ Kxh8 22. Nxf7+ Kg8 23. Nxd8 Bd5 24. f3 Kf8 25. Nxd5 exd5 26. Kf2 Ke7 27. Nc6+ Kd6 28. Nd4 Nd7 29. Ke2 Nc5 30. Kd2 Na4 31. b3 Nc5 32. Kc3 Nd7 33. Kb4 Kc7 34. Ka5 Kb7 35. Ne6 Ne5 36. Kb4 Nd3+ 37. Kc3 Ne1 38. Nxg7 Nxg2 39. Kd4 Kc6 40. Ne6 Nh4 41. Ng5 Kd6 42. e4 dxe4 43. fxe4 Ke7 44. e5 Nf5+ 45. Ke4 a5 46. Nf3 a4 47. Nd4 axb3 48. axb3 Nh6 49. Nxb5 Ng4 50. h4 Nf2+ 51. Ke3 Ng4+ 52. Kf4 Nf2 53. Nd4 Nd3+ 54. Ke4 Nc5+ 55. Kd5 Nd3 56. Nc6+ Kd7 57. e6+ Kc7 58. e7 Kd7 59. Ne5+ Nxe5 60. Kxe5 Kxe7 61. b4 Kd7 62. Kf6 1-0


[Site "https://www.chess.com"]

[Event "Titled Tuesday Blitz November 08 Early 2022"]
[White "Avazkhonov, Alikhon"]
[Black "Adnan, Habib"]
[WhiteFideId "14208504"]
[BlackFideId "11202270"]
[WhiteElo "1739"]
[BlackElo "2110"]
[Result "1-0"]
[Round "09"]
[TimeControl "180+1"]
[Date "2022.11.09"]
[WhiteClock "0:01:14"]
[BlackClock "0:00:27"]

1. d4 Nf6 2. c4 g6 3. Nc3 Bg7 4. e4 d6 5. f3 O-O 6. Be3 c5 7. dxc5 dxc5 8. Qxd8 Rxd8 9. Bxc5 Nc6 10. Nge2 Nd7 11. Ba3 Nde5 12. Nf4 Bh6 13. Nfd5 e6 14. Ne7+ Nxe7 15. Bxe7 Rd7 16. Bf6 Bd2+ 17. Kf2 Bxc3 18. bxc3 Nc6 19. Be2 e5 20. Rad1 Kf8 21. Rd5 Ke8 22. Rhd1 b6 23. c5 Rxd5 24. exd5 Na5 25. Bb5+ Bd7 26. c6 Bf5 27. d6 Bd7 28. cxd7+ Kf8 29. Re1 a6 30. Ba4 b5 31. d8=Q+ Rxd8 32. Bxd8 Nc6 33. Be7+ Nxe7 34. dxe7+ Kxe7 35. Bxb5 axb5 36. Rxe5+ Kd6 37. Rxb5 Kc6 38. c4 f5 39. a4 Kc7 40. a5 Kc6 41. a6 Kd7 42. a7 Kc7 43. a8=Q Kd6 44. Qa6+ Kc7 45. Rb7+ Kd8 46. Qa8# 1-0


[Site "https://www.chess.com"]

[Event "Titled Tuesday Blitz November 08 Early 2022"]
[White "Baches Garcia, Guillermo"]
[Black "Troltenier, Dirk"]
[WhiteFideId "2209764"]
[BlackFideId "4606400"]
[WhiteElo "2456"]
[BlackElo "2319"]
[Result "0-1"]
[Round "09"]
[TimeControl "180+1"]
[Date "2022.11.09"]
[WhiteClock "0:00:07"]
[BlackClock "0:00:07"]

1. e4 e5 2. Nf3 d6 3. d4 exd4 4. Nxd4 Nf6 5. f3 Be7 6. c4 O-O 7. Nc3 c6 8. Be3 d5 9. cxd5 cxd5 10. e5 Ne8 11. f4 Nc6 12. Bb5 Nxd4 13. Qxd4 Nc7 14. O-O Nxb5 15. Nxb5 f6 16. Rad1 Be6 17. f5 fxe5 18. Qxe5 Bf7 19. Qc7 a6 20. Qxd8 Raxd8 21. Nd4 Bf6 22. Rd2 Rfe8 23. Bf2 Re4 24. Re1 Rde8 25. Rxe4 dxe4 26. Be3 Bxa2 27. b3 Bb1 28. Ne6 Bd3 29. g4 Bc3 30. Ra2 Rc8 31. Ra4 Be5 32. Bd4 Rc1+ 33. Kf2 Rc2+ 34. Ke1 Bxh2 35. Bxg7 e3 36. Nd4 Rc1# 0-1


[Site "https://www.chess.com"]

[Event "Titled Tuesday Blitz November 08 Early 2022"]
[White "Bacrot, Etienne"]
[Black "Howell, David W L"]
[WhiteFideId "605506"]
[BlackFideId "410608"]
[WhiteElo "2666"]
[BlackElo "2567"]
[Result "1/2-1/2"]
[Round "09"]
[TimeControl "180+1"]
[Date "2022.11.08"]
[WhiteClock "0:00:05"]
[BlackClock "0:00:04"]

1. e4 c6 2. Nf3 d5 3. Nc3 Qa5 4. Be2 dxe4 5. Nxe4 Bf5 6. Ng3 Bg6 7. O-O e6 8. d4 Nd7 9. Bd2 Qc7 10. Re1 Ngf6 11. Nh4 Bd6 12. Bf3 O-O 13. Nxg6 hxg6 14. c3 Rad8 15. Qb3 Rfe8 16. Ne4 Bxh2+ 17. Kf1 Nxe4 18. Rxe4 Bd6 19. g3 Be7 20. Kg2 Nf8 21. Rh1 c5 22. Bf4 Qb6 23. Qxb6 axb6 24. Bc7 Ra8 25. Bxb6 Rxa2 26. dxc5 Nd7 27. Rb4 Bxc5 28. Bxc5 Nxc5 29. Bxb7 Nd3 30. Rd4 Rxb2 31. Bc6 Nxf2 32. Bxe8 Nxh1+ 33. Kxh1 Rc2 34. Rd3 Kf8 35. Ba4 Ra2 36. Bb3 Rb2 37. c4 Ke7 38. c5 Rb1+ 39. Kg2 Rc1 40. Rd2 Rxc5 41. Rc2 Re5 42. Bc4 Rc5 43. Be2 Ra5 44. Bf3 Ra7 45. Rb2 Rc7 46. Rb7 Rxb7 47. Bxb7 f5 48. Kf3 Kf6 49. Ke3 g5 50. Bc8 g4 51. Kd4 g5 52. Ke3 e5 53. Kf2 e4 54. Ke3 Ke5 55. Kf2 Kf6 56. Ke3 Kg6 57. Kf2 Kf6 1/2-1/2


[Site "https://www.chess.com"]

[Event "Titled Tuesday Blitz November 08 Early 2022"]
[White "Barash, Anton"]
[Black "Akylbekov, Nasyr"]
[WhiteFideId "30935229"]
[BlackFideId "13800353"]
[WhiteElo "2258"]
[BlackElo "2310"]
[Result "0-1"]
[Round "09"]
[TimeControl "180+1"]
[Date "2022.11.09"]
[WhiteClock "0:00:12"]
[BlackClock "0:00:29"]

1. e4 e5 2. Nc3 Bc5 3. Nf3 d6 4. d4 exd4 5. Nxd4 Nc6 6. Nxc6 bxc6 7. Bc4 Ne7 8. Bg5 O-O 9. O-O Be6 10. Bb3 Qd7 11. Kh1 Bxb3 12. axb3 Ng6 13. Bd2 f5 14. Qh5 Bd4 15. Ra4 Bxc3 16. Bxc3 Rae8 17. Rxa7 fxe4 18. Qa5 Re7 19. Bd2 e3 20. Bc3 Rxf2 21. Ra8+ Kf7 22. Qa6 Qf5 23. Kg1 d5 24. Rxf2 Qxf2+ 25. Kh1 e2 0-1


[Site "https://www.chess.com"]

[Event "Titled Tuesday Blitz November 08 Early 2022"]
[White "Baskakov, Egor"]
[Black "Firat, Burak"]
[WhiteFideId "24197866"]
[BlackFideId "6305881"]
[WhiteElo "2809"]
[BlackElo "2633"]
[Result "1-0"]
[Round "09"]
[TimeControl "180+1"]
[Date "2022.11.09"]
[WhiteClock "0:00:47"]
[BlackClock "0:00:47"]

1. e4 c5 2. Nf3 e6 3. Be2 a6 4. c4 b6 5. Nc3 Bb7 6. d4 cxd4 7. Nxd4 d6 8. O-O Nd7 9. f4 Ngf6 10. Bf3 Qc7 11. Be3 Be7 12. Rc1 O-O 13. Bf2 Rac8 14. b3 Qb8 15. Qe2 Rfe8 16. e5 Bxf3 17. Nxf3 Nh5 18. g3 dxe5 19. Nxe5 Nhf6 20. Rfd1 Qc7 21. Nxd7 Nxd7 22. Ne4 Nf6 23. Nxf6+ Bxf6 24. Qe3 Rb8 25. Rc2 e5 26. f5 e4 27. Rcd2 Re7 28. Rd5 h6 29. h4 b5 30. c5 b4 31. g4 Qa5 32. g5 hxg5 33. hxg5 Bc3 34. g6 fxg6 35. fxg6 Re6 36. Qg5 Qxa2 37. Qh5 e3 38. Qh7+ Kf8 39. Qh8+ Ke7 40. Bh4+ Rf6 41. Qxg7+ Ke6 42. Qd7# 1-0


[Site "https://www.chess.com"]

[Event "Titled Tuesday Blitz November 08 Early 2022"]
[White "Begunov, Konstantin"]
[Black "Nurmanova, Alua"]
[WhiteFideId "4118510"]
[BlackFideId "13729390"]
[WhiteElo "2140"]
[BlackElo "2120"]
[Result "0-1"]
[Round "09"]
[TimeControl "180+1"]
[Date "2022.11.09"]
[WhiteClock "0:00:08"]
[BlackClock "0:01:03"]

1. d4 Nf6 2. c4 g6 3. f3 Bg7 4. e4 d6 5. Nc3 O-O 6. Be3 Nbd7 7. Nh3 a6 8. Qd2 c5 9. d5 b5 10. cxb5 Qa5 11. a4 Nb6 12. Nf2 axb5 13. Nxb5 Qxd2+ 14. Kxd2 Rxa4 15. Bd3 Rxa1 16. Rxa1 Nfd7 17. Kc2 Bb7 18. Ra7 Rb8 19. b3 Nc8 20. Ra5 e6 21. Bc4 exd5 22. exd5 Ndb6 23. Nc7 Bf6 24. Bf4 Bd8 25. Na6 Ra8 26. Bd2 Nxc4 27. bxc4 Bxa5 0-1


[Site "https://www.chess.com"]

[Event "Titled Tuesday Blitz November 08 Early 2022"]
[White "Belozerov, Andrei"]
[Black "Jumabayev, Rinat"]
[WhiteFideId "4120213"]
[BlackFideId "13702661"]
[WhiteElo "2652"]
[BlackElo "2836"]
[Result "1-0"]
[Round "09"]
[TimeControl "180+1"]
[Date "2022.11.09"]
[WhiteClock "0:00:03"]
[BlackClock "0:00:02"]

1. e4 c5 2. Nc3 d6 3. d4 cxd4 4. Qxd4 a6 5. b3 Nc6 6. Qd2 e5 7. Bb2 Be6 8. O-O-O Rc8 9. Kb1 Nf6 10. g3 Be7 11. f4 b5 12. Bg2 Qb6 13. Nd5 Qb8 14. Nxe7 Kxe7 15. f5 Bd7 16. Ne2 b4 17. Bf3 h6 18. g4 Ne8 19. h4 a5 20. g5 a4 21. Ng3 Qb5 22. Be2 Qc5 23. Bc4 f6 24. Nh5 axb3 25. cxb3 hxg5 26. hxg5 Nd4 27. Nxg7 Rxh1 28. Rxh1 Bc6 29. Nxe8 Bxe4+ 30. Kc1 Bxh1 31. gxf6+ Kxe8 32. f7+ Kd7 33. Bxd4 exd4 34. Qh6 Qxf5 35. Qxh1 Qf4+ 36. Kb1 Qf5+ 37. Kb2 d5 38. Qxd5+ Qxd5 39. Bxd5 Kd6 40. Bc4 Rh8 41. Kc2 Ke5 42. Kd3 Rh3+ 43. Kd2 Rf3 44. Ke2 Rf6 45. Kd3 Rf4 46. Kd2 Ke4 47. Bd3+ Kd5 48. Bc4+ Kc5 49. Kd3 Kd6 50. Kd2 Kc6 51. Kd3 Kc5 52. Kd2 Rf2+ 53. Kd3 Rf4 54. Kd2 Kd6 55. Kd3 Ke7 56. Kd2 Rf3 57. Ke2 Re3+ 58. Kd2 Rc3 59. Ke2 Re3+ 60. Kd2 Kf8 61. Kc2 Kg7 62. Kd2 Rc3 63. Ke2 Rg3 64. Kd2 Re3 65. Kc2 Kf8 66. Kd2 Ke7 67. Kc2 Rh3 68. Kd2 Rh2+ 69. Kd3 Rxa2 70. Kxd4 Ra5 71. Bd5 Ra7 72. Kc5 Rd7 73. Bc4 Rb7 74. Kc6 Rb8 75. Kc7 Rh8 76. Kb6 Rh5 77. Kc6 Re5 78. Bd5 Rg5 79. Bc4 Re5 80. Kb6 Rf5 81. Kc6 Rg5 82. Kb6 Re5 83. Kc6 Rf5 84. Kb6 Kd7 85. Ka6 Kc6 86. Bb5+ Kc5 87. Bc4 Rf4 88. Kb7 Kd6 89. Kb6 1-0


[Site "https://www.chess.com"]

[Event "Titled Tuesday Blitz November 08 Early 2022"]
[White "Berdychevskaya, Natasha"]
[Black "Derjabin, Ilja"]
[WhiteFideId "4159322"]
[BlackFideId "14104768"]
[WhiteElo "2108"]
[BlackElo "2312"]
[Result "1-0"]
[Round "09"]
[TimeControl "180+1"]
[Date "2022.11.09"]
[WhiteClock "0:00:11"]
[BlackClock "0:00:10"]

1. d4 Nf6 2. Bf4 c5 3. c3 Qb6 4. Qb3 Qxb3 5. axb3 cxd4 6. cxd4 Nc6 7. Nf3 d6 8. e3 g6 9. Nc3 Bg7 10. Be2 O-O 11. O-O Be6 12. Bc4 Bf5 13. Rfe1 a6 14. e4 Bg4 15. Be3 Nd7 16. Red1 Rfe8 17. Ng5 d5 18. exd5 Nb4 19. f3 Bf5 20. d6 e6 21. Nge4 Nc2 22. Bf2 b5 23. Rac1 bxc4 24. Rxc2 cxb3 25. Rcc1 h5 26. Nc5 Bc2 27. Nxd7 Bxd1 28. Rxd1 Rad8 29. Nc5 Rxd6 30. Nxb3 Rb8 31. Bg3 Rxb3 32. Bxd6 Rxb2 33. Be5 f6 34. Bg3 g5 35. Ne4 h4 36. Bf2 a5 37. Nc5 Re2 38. Kf1 Rc2 39. Nxe6 a4 40. Nxg7 Kxg7 41. d5 a3 42. d6 Rc8 43. d7 Rd8 44. Bb6 1-0


[Site "https://www.chess.com"]

[Event "Titled Tuesday Blitz November 08 Early 2022"]
[White "Besedes, Danilo"]
[Black "Stribuk, Artiom"]
[WhiteFideId "946796"]
[BlackFideId "13515659"]
[WhiteElo "2632"]
[BlackElo "2804"]
[Result "0-1"]
[Round "09"]
[TimeControl "180+1"]
[Date "2022.11.09"]
[WhiteClock "0:00:02"]
[BlackClock "0:00:05"]

1. Nf3 c5 2. e3 g6 3. d4 cxd4 4. exd4 Bg7 5. Be2 Nf6 6. O-O O-O 7. c3 b6 8. a4 a6 9. Bf4 Bb7 10. Re1 d6 11. Nbd2 Nbd7 12. Bc4 h6 13. Qb3 Nh5 14. Bg3 Nxg3 15. hxg3 e6 16. Rad1 Bxf3 17. Nxf3 d5 18. Bd3 h5 19. Be2 Bf6 20. Qc2 Kg7 21. Bd3 Qb8 22. Qe2 Qb7 23. Nh4 Rfb8 24. Nf3 b5 25. axb5 axb5 26. Ra1 b4 27. c4 dxc4 28. Be4 Rxa1 29. Bxb7 Rxe1+ 30. Nxe1 Rxb7 31. Qxc4 Ra7 32. Qxb4 Ra1 33. Kf1 Rd1 34. Ke2 Rxd4 35. Qb5 Rd5 36. Qb3 Nc5 37. Qc2 Re5+ 38. Kf1 Rd5 39. Nf3 Nd3 40. b3 Nb4 41. Qc4 Be7 42. Ke2 Ra5 43. Ne5 Ra2+ 44. Kf3 Nd5 45. Nd7 Bf6 46. Nxf6 Kxf6 47. Qd4+ Ke7 48. g4 hxg4+ 49. Kxg4 Ra6 50. Qc5+ Kf6 51. Kg3 Rb6 52. Qd4+ Ke7 53. Qc4 Rb4 54. Qc5+ Kf6 55. Qc2 Kg7 56. f3 g5 57. Kf2 Kg8 58. Ke1 Kg7 59. Kd2 Kf6 60. Kc1 Ke7 61. Kb2 Kf6 62. Qd2 Kg6 63. Qd3+ Kg7 64. g3 Kf6 65. Qd2 Kg6 66. Qe2 Rb6 67. Qe5 Rb4 68. Kc2 Rb6 69. f4 gxf4 70. gxf4 f5 71. Kb2 Kf7 72. Qd4 Rb4 73. Qe5 Rxf4 74. Qd6 Re4 75. Kc2 Kf6 76. Kd3 Rb4 77. Kc2 f4 78. Qf8+ Ke5 79. Qg7+ Ke4 80. Qg6+ Ke5 81. Qg5+ Kd6 82. Qd8+ Ke5 83. Qh8+ Ke4 84. Qh7+ Ke3 85. Qh3+ Kd4 86. Qxe6 Rb6 87. Qe8 Rc6+ 88. Kd2 Rh6 89. Qb8 Rh2+ 90. Ke1 Rh1+ 91. Kf2 Rh2+ 92. Kg1 Rb2 93. Qa7+ Kd3 94. Qa6+ Ke4 95. Qc4+ Ke5 96. Kf1 Ne3+ 97. Ke1 Nxc4 0-1


[Site "https://www.chess.com"]

[Event "Titled Tuesday Blitz November 08 Early 2022"]
[White "Bibilashvili, Lali"]
[Black "Luxama, Jacques Muller"]
[WhiteFideId "13604236"]
[BlackFideId "11900113"]
[WhiteElo "1819"]
[BlackElo "1931"]
[Result "0-1"]
[Round "09"]
[TimeControl "180+1"]
[Date "2022.11.09"]
[WhiteClock "0:00:12"]
[BlackClock "0:00:28"]

1. c4 Nf6 2. g3 g6 3. Bg2 Bg7 4. e3 O-O 5. Ne2 c6 6. O-O d5 7. cxd5 cxd5 8. d3 Nc6 9. Nbc3 Bf5 10. a3 Qd7 11. Nf4 d4 12. Ncd5 Nxd5 13. Nxd5 dxe3 14. fxe3 Bh3 15. Nf4 Bxg2 16. Kxg2 e5 17. Ne2 Rad8 18. d4 exd4 19. e4 d3 20. Nc3 d2 21. Qb3 dxc1=Q 22. Raxc1 Nd4 23. Qc4 Rc8 24. Qb4 b6 25. Rcd1 Rcd8 26. Nd5 Nc6 27. Qb3 Qe6 28. Qf3 Rfe8 29. Rfe1 Ne5 30. Qf4 Rc8 31. Rd2 h6 32. h4 Nc4 33. Rf2 Ne5 34. Qe3 Rc4 35. Qb3 Qc6 36. Rf4 g5 37. hxg5 hxg5 38. Rf5 g4 39. Nc3 Nf3 40. Rh1 Bxc3 41. bxc3 Qxe4 42. Qb1 Qe2# 0-1


[Site "https://www.chess.com"]

[Event "Titled Tuesday Blitz November 08 Early 2022"]
[White "Bluebaum, Matthias"]
[Black "Galchenko, Matvey"]
[WhiteFideId "24651516"]
[BlackFideId "24175480"]
[WhiteElo "2633"]
[BlackElo "2403"]
[Result "0-1"]
[Round "09"]
[TimeControl "180+1"]
[Date "2022.11.08"]
[WhiteClock "0:00:01"]
[BlackClock "0:00:02"]

1. d4 d5 2. c4 e6 3. Nc3 c6 4. Nf3 dxc4 5. e4 b5 6. Be2 Nf6 7. Qc2 Bb7 8. O-O Nbd7 9. b3 cxb3 10. axb3 Be7 11. e5 Nd5 12. Nxd5 exd5 13. Bd2 Nf8 14. b4 Ne6 15. Qb2 O-O 16. Ne1 f6 17. exf6 Bxf6 18. Be3 Bg5 19. Nd3 a5 20. Bg4 Nf4 21. Ne5 Qe7 22. bxa5 h5 23. Bd7 Bf6 24. a6 Bxe5 25. dxe5 Qxd7 26. Bxf4 Rxa6 27. Rxa6 Bxa6 28. Be3 b4 29. Ra1 Bc4 30. Qxb4 Qf5 31. Qd6 Re8 32. Bd4 Re6 33. Qd7 Kh7 34. h3 Qg6 35. Kh2 c5 36. Bxc5 Rxe5 37. Ra7 Rg5 38. g3 Qf5 39. Qe7 Bf1 40. Qd7 Qf3 41. Qf5+ Qxf5 0-1


[Site "https://www.chess.com"]

[Event "Titled Tuesday Blitz November 08 Early 2022"]
[White "Bon, Michael"]
[Black "Kukula, Pawel"]
[WhiteFideId "620696"]
[BlackFideId "1115081"]
[WhiteElo "2335"]
[BlackElo "2046"]
[Result "0-1"]
[Round "09"]
[TimeControl "180+1"]
[Date "2022.11.09"]
[WhiteClock "0:00:03"]
[BlackClock "0:00:10"]

1. e4 c6 2. d4 d5 3. e5 Bf5 4. c4 e6 5. Nc3 Ne7 6. h3 Nd7 7. Nf3 h6 8. b3 g5 9. Bd3 dxc4 10. bxc4 Qa5 11. Bb2 Rd8 12. O-O Nc5 13. Bxf5 Nxf5 14. d5 Qb4 15. Qe2 Bg7 16. Rab1 O-O 17. d6 Nxd6 18. exd6 Bxc3 19. Rfd1 Na4 20. Ba1 Qc5 21. Rxb7 Rxd6 22. Rxd6 Qxd6 23. Bxc3 Nxc3 24. Qc2 Qd1+ 25. Qxd1 Nxd1 26. Rxa7 Nb2 27. Ne5 f6 28. Nxc6 Nxc4 29. Ne7+ Kh7 0-1


[Site "https://www.chess.com"]

[Event "Titled Tuesday Blitz November 08 Early 2022"]
[White "Broca Jimenez, Fernando"]
[Black "Shapiro, Daniel"]
[WhiteFideId "5104742"]
[BlackFideId "2001780"]
[WhiteElo "2062"]
[BlackElo "2303"]
[Result "1-0"]
[Round "09"]
[TimeControl "180+1"]
[Date "2022.11.09"]
[WhiteClock "0:00:05"]
[BlackClock "0:00:01"]

1. e4 e5 2. Nf3 Nc6 3. Bb5 a6 4. Ba4 Nf6 5. O-O Be7 6. Re1 b5 7. Bb3 d6 8. c3 O-O 9. h3 Na5 10. Bc2 c5 11. d4 Nd7 12. Nbd2 cxd4 13. cxd4 Nc6 14. Nf1 exd4 15. Nxd4 Nxd4 16. Qxd4 Ne5 17. Ne3 Bxh3 18. Nd5 Bh4 19. Bf4 Re8 20. Rad1 Bg4 21. Rd2 Bg5 22. Bb3 Bxf4 23. Nxf4 Qg5 24. Qe3 Rad8 25. Kf1 Qh6 26. f3 Bc8 27. Red1 Ng6 28. Nd5 Qxe3 29. Nxe3 Nf4 30. Rxd6 Rxd6 31. Rxd6 h6 32. Nd5 Ne6 33. Nb6 Nc5 34. Nxc8 Nxb3 35. axb3 Rxc8 36. Rxa6 Rc1+ 37. Kf2 Rc2+ 38. Kg3 Rxb2 39. Ra8+ Kh7 40. Rb8 Rxb3 41. Rb7 Kg6 42. Kf4 h5 43. Rb6+ f6 44. e5 Rb4+ 45. Kg3 Kf7 46. exf6 gxf6 47. Kh3 Kg6 48. Rb7 1-0


[Site "https://www.chess.com"]